 Dungeon Crawl Stone Soup version 0.31-a0-1074-g0b22e4e0f1 (webtiles) character file.

Game seed: 16027909677529631366

80 jlumianski the Ruffian (level 4, -6/51 HPs)
             Began as a Gnoll Shapeshifter on Dec 7, 2023.
             Mangled by a gnoll bouda
             ... wielding a +0 whip
              (9 damage)
             ... on level 3 of the Dungeon.
             The game lasted 00:06:49 (2072 turns).

jlumianski the Ruffian (Gnoll Shapeshifter)         Turns: 2072, Time: 00:06:49

Health: -6/51      AC: 22    Str: 15    XL:     4   Next: 39%
Magic:  5/5        EV:  2    Int:  9    God:
Gold:   199        SH:  0    Dex: 12    Spells: 5/5 levels left

rFire   . .          .
                       - Unarmed
rCold   + . .        (no shield)
rNeg    . . .        a - melded +0 animal skin
rPois   +            (helmet currently unavailable)
rElec   .            (cloak currently unavailable)
rCorr   .            (gloves currently unavailable)
SInv    .            (boots currently unavailable)
Will    .....        (no amulet)
Stlth   ++           s - ring of protection from cold
HPRegen 0.28/turn    (no ring)
MPRegen 0.09/turn

%: no passive effects
@: tree-form, weakened
A: stationary, stasis, torment immunity, boosted hp, (fangs 1), strong nose,
distributed training
a: no special abilities


You were on level 3 of the Dungeon.
You were a tree.
You visited 1 branch of the dungeon, and saw 4 of its levels.

You collected 199 gold pieces.

Inventory:

Hand Weapons
 r - a +2 flail of protection
 t - a +1 heavy morningstar
Missiles
 u - 2 poisoned darts
Armour
 a - a +0 animal skin (melded)
 i - the +5 robe of Misfortune {Harm *Corrode *Slow EV+5}
   (You found it on level 2 of the Dungeon)

   EV+5:      It affects your evasion (+5).
   *Corrode:  It may corrode you when you take damage.
   *Slow:     It may slow you when you take damage.
   Harm:      It increases damage dealt and taken.
Jewellery
 s - a ring of protection from cold (left branch)
Talismans
 c - a beast talisman
 d - a flux talisman
Scrolls
 g - a scroll of fear {unknown}
 h - a scroll of immolation {unknown}
 j - 3 scrolls of identify {unknown}
 k - a scroll of fog {unknown}
 o - a scroll of enchant armour {unknown}
 q - a scroll of torment {unknown}
Potions
 e - a potion of might {unknown}
 f - a potion of cancellation {unknown}
 l - 2 potions of heal wounds {unknown}
 m - 2 potions of curing {unknown}
 n - a potion of resistance {unknown}
 p - a potion of magic {unknown}


   Skills:
 + Level 2.7 Fighting
 + Level 1.1 Short Blades
 + Level 1.1 Long Blades
 + Level 1.1 Axes
 + Level 1.1 Maces & Flails
 + Level 1.1 Polearms
 + Level 1.1 Staves
 + Level 1.1 Ranged Weapons
 + Level 1.1 Throwing
 + Level 1.1 Armour
 + Level 4.6 Dodging
 + Level 1.1 Stealth
 + Level 1.1 Shields
 + Level 6.6 Unarmed Combat
 + Level 1.1 Spellcasting
 + Level 0.9 Conjurations
 + Level 0.9 Hexes
 + Level 0.9 Summonings
 + Level 0.9 Necromancy
 + Level 0.9 Translocations
 + Level 0.9 Transmutations
 + Level 0.9 Fire Magic
 + Level 0.9 Ice Magic
 + Level 0.9 Air Magic
 + Level 0.9 Earth Magic
 + Level 0.9 Poison Magic
 + Level 1.2 Invocations
 + Level 1.1 Evocations
 + Level 6.5 Shapeshifting


You had 5 spell levels left.
You didn't know any spells.
Your spell library contained the following spells:

 Spells                   Type           Power      Damage    Failure   Level
 Passwall                 Tmut/Erth      1%         N/A       36%         2
 Wereblood                Tmut           2%         N/A       36%         2
 Call Canine Familiar     Summ           2%         N/A       58%         3
 Irradiate                Conj/Tmut      1%         3d12      100%        5
 Summon Cactus Giant      Summ           1%         N/A       100%        6


Dungeon Overview and Level Annotations

Branches:
Dungeon (4/15)
 Temple: D:4-7

Altars:


Innate Abilities, Weirdness & Mutations

You are a tree.
Your roots penetrate the ground, keeping you stationary.
You cannot be teleported.
You are immune to unholy pain and torment.
Your maximum health is greatly increased.
Your equipment is partially melded.
((You have very sharp teeth.))
Your uncanny sense of smell can sniff out nearby items.
Your experience applies equally to all skills.


Message History

Things that are here:
a +0 spear; a gnoll corpse
There is a stone staircase leading down here.
You start resting.
HP restored.
You climb downwards.
There is a stone staircase leading up, spattered with blood here.
A gnoll bouda comes into view. It is wielding a +0 whip.
The gnoll bouda barks out a call to the hunt!
The gnoll bouda gazes fiercely through you!
You feel your attacks grow feeble.
You hear a shout!
The gnoll shouts!
The gnoll bouda gazes fiercely through you!
You feel as though you will be weak longer.
The gnoll bouda gazes fiercely through you!
You feel as though you will be weak longer.
The gnoll shouts!
The gnoll hits you from afar with a +0 spear.
The gnoll bouda hits you with a +0 whip.
You climb upwards.
There is a stone staircase leading down here.
You hit the gnoll bouda but do no damage.
The gnoll bouda closely misses you.
You hit the gnoll bouda but do no damage.
The gnoll bouda hits you with a +0 whip!
You hit the gnoll bouda.
The gnoll bouda is lightly wounded.
The gnoll bouda hits you with a +0 whip!
* * * LOW HITPOINT WARNING * * *
You hit the gnoll bouda.
The gnoll bouda is moderately wounded.
The gnoll bouda hits you with a +0 whip.
* * * LOW HITPOINT WARNING * * *
Your transformation has ended.
You turn into a tree.
Your +0 animal skin melds into your body.
Your roots penetrate the ground.
The gnoll bouda hits you with a +0 whip!
You die...

#### ## ...#
########...#
.#.#
#...)♣g....#
.#.#
#.######...#
.#.## #.# ##
....## #.#
.....#######.#
.....).......#
.....#########
....## .####


You could see a gnoll bouda.

Vanquished Creatures
  2 adders
  A gnoll (D:3)
  A worm (D:3)
  A dart slug (D:3)
  6 endoplasms
  4 giant cockroaches
  6 goblins
  2 hobgoblins
  4 jackals (D:1)
  2 quokkas (D:1)
  3 ball pythons
  3 bats (D:1)
  2 frilled lizards (D:1)
  3 kobolds
  4 rats
44 creatures vanquished.

Notes
Turn   | Place    | Note
-------+----------+-------------------------------------------
     0 | D:1      | jlumianski the Gnoll Shapeshifter began the quest for the
                  | Orb.
     0 | D:1      | Reached XP level 1. HP: 17/17 MP: 1/1
   183 | D:1      | Reached XP level 2. HP: 23/23 MP: 2/2
   400 | D:3      | Reached XP level 3. HP: 24/28 MP: 2/4
   486 | D:1      | Reached skill level 1 in Invocations
   518 | D:1      | Found a faded altar of an unknown god.
   841 | D:2      | Found the +5 robe of Misfortune {Harm *Corrode *Slow EV+5}
   999 | D:3      | Reached skill level 1 in Short Blades
   999 | D:3      | Reached skill level 1 in Long Blades
   999 | D:3      | Reached skill level 1 in Axes
   999 | D:3      | Reached skill level 1 in Maces & Flails
   999 | D:3      | Reached skill level 1 in Polearms
   999 | D:3      | Reached skill level 1 in Staves
   999 | D:3      | Reached skill level 1 in Ranged Weapons
   999 | D:3      | Reached skill level 1 in Throwing
   999 | D:3      | Reached skill level 1 in Armour
   999 | D:3      | Reached skill level 1 in Stealth
   999 | D:3      | Reached skill level 1 in Shields
   999 | D:3      | Reached skill level 1 in Spellcasting
   999 | D:3      | Reached skill level 1 in Evocations
  1038 | D:2      | Got the Reference Book on Cooperative Metamorphosis
  1062 | D:2      | Reached XP level 4. HP: 34/34 MP: 5/5
  2072 | D:3      | Mangled by a gnoll bouda

Illustrated notes

Levels and vault maps discovered:
D:1:      dpeg_arrival_boxes_within_box, layout_basic,
          shapermc_ecumenical_altar_ellora
D:2:      layout_loops_ring
D:3:      layout_loops_ring, nicolae_overflow_hidden_temple,
          mainiacjoe_overflow_boulevard, ebering_ghost_inner_flame
D:4:      layout_basic, kennysheep_generic_room_7

Skill      XL: |  1  2  3 |
---------------+----------+-----
Invocations    | 1 |  1.2
Short Blades   | 1 |  1.1
Long Blades    | 1 |  1.1
Axes           | 1 |  1.1
Maces & Flails | 1 |  1.1
Polearms       | 1 |  1.1
Staves         | 1 |  1.1
Ranged Weapons | 1 |  1.1
Throwing       | 1 |  1.1
Armour         | 1 |  1.1
Stealth        | 1 |  1.1
Shields        | 1 |  1.1
Spellcasting   | 1 |  1.1
Evocations     | 1 |  1.1
Fighting       | |  2.7
Dodging        | |  4.6
Unarmed Combat | |  6.6
Conjurations   | |  0.9
Hexes          | |  0.9
Summonings     | |  0.9
Necromancy     | |  0.9
Translocations | |  0.9
Transmutations | |  0.9
Fire Magic     | |  0.9
Ice Magic      | |  0.9
Air Magic      | |  0.9
Earth Magic    | |  0.9
Poison Magic   | |  0.9
Shapeshifting  | |  6.5

Action                     |  1- 3 |  4- 6 || total
---------------------------+-------+-------++-------
  Melee: Unarmed           |    53 |    35 ||    88
         Bite              |     4 |     1 ||     5
         Punch             |     1 |       ||     1
    Use: Potion            |       |     1 ||     1
 Armour: Animal skin       |    22 |    15 ||    37
         Robe              |     1 |       ||     1
         Skin              |       |     1 ||     1
  Dodge: Dodged            |    50 |    21 ||    71

Table legend: (Time is in decaauts)
 A = Elapsed time spent in this place.
 B = Non-inter-level travel time spent in this place.
 C = Inter-level travel time spent in this place.
 D = Time resting spent in this place.
 E = Time spent auto-exploring this place.
 F = Levels seen in this place.
 G = Mean time per level.
                   A        B        C        D        E       F      G
               +--------+--------+--------+--------+--------+-----+--------+
         Total |   2062 |   1972 |     90 |     47 |   1176 |   4 |  515.5 |
       Dungeon |   2062 |   1972 |     90 |     47 |   1176 |   4 |  515.5 |
               +--------+--------+--------+--------+--------+-----+--------+

Top non-repeatable levels by time:
     D:1: 966 daAuts
     D:2: 637 daAuts
     D:3: 416 daAuts
     D:4: 42 daAuts
